 Dungeon Crawl Stone Soup version 0.31-a0-818-ge7c7cf74f0 (webtiles) character file.

Game seed: 14882836273404896334

28 Essalna the Digger (level 3, 24/24 HPs)
             Began as a Demonspawn Earth Elementalist on Sept 23, 2023.
             Got out of the dungeon alive.
             The game lasted 00:00:54 (847 turns).

Essalna the Digger (Demonspawn Earth Elementalist)   Turns: 847, Time: 00:00:55

Health: 24/24      AC:  2    Str:  8    XL:     3   Next: 0%
Magic:  7/7        EV: 12    Int: 18    God:
Gold:   79         SH:  0    Dex: 13    Spells: 6/7 levels left

rFire   . . .        (no weapon)
rCold   . . .        (no shield)
rNeg    . . .        a - +0 robe
rPois   .            (no helmet)
rElec   .            (no cloak)
rCorr   .            (no gloves)
SInv    .            (no boots)
Will    .....        (no amulet)
Stlth   ++           (no ring)
HPRegen 0.24/turn    (no ring)
MPRegen 0.10/turn

%: no passive effects
@: no status effects
A: foul stench 2
a: no special abilities


You escaped.
You visited 1 branch of the dungeon, and saw 2 of its levels.

You collected 79 gold pieces.

Inventory:

Armour
 a - a +0 robe (worn)
Scrolls
 d - 2 scrolls of identify {unknown}
 g - a scroll of blinking {unknown}
Potions
 b - a potion of magic
 c - 2 potions of mutation {unknown}
 e - a potion of curing {unknown}
 f - a potion of might {unknown}


   Skills:
 - Level 1.7 Dodging
 - Level 1.7 Stealth
 + Level 2.7 Spellcasting
 - Level 0.8 Transmutations
 + Level 3.3 Earth Magic


You had 6 spell levels left.
You knew the following spells:

 Your Spells              Type           Power      Damage    Failure   Level
a - Sandblast             Erth           28%        2d8       4%          1

Your spell library contained the following spells:

 Spells                   Type           Power      Damage    Failure   Level
 Passwall                 Tmut/Erth      7%         N/A       11%         2
 Stone Arrow              Conj/Erth      16%        3d8       26%         3
 Ozocubu's Armour         Ice            2%         N/A       45%         3
 Petrify                  Tmut/Erth      9%         N/A       56%         4
 Brom's Barrelling Bould  Conj/Erth      8%         2d3       63%         4
 Ozocubu's Refrigeration  Ice            1%         4d7       100%        7


Dungeon Overview and Level Annotations

Branches:
Dungeon (2/15)

Altars:


Innate Abilities, Weirdness & Mutations

You sometimes emit foul miasma when damaged in melee.


Message History

You can't see any susceptible monsters within range! (Use Z to cast anyway.)
You can't see any susceptible monsters within range! (Use Z to cast anyway.)
You see here a bat corpse.
You see here a +0 dagger.
Found a stone staircase leading down.
g - a scroll labelled YGIN WIMAFE Key pressed, stopping explore.
Found steam dragon scales.
There is a stone staircase leading down here.
There is a stone staircase leading down here.
You see here a +0 short sword.
Found a helmet.
Key pressed, stopping explore.
You see here a +0 helmet.
You see here a +0 dagger.
Found a pair of boots.
You see here a +0 dagger.
You see here a +0 helmet.
There is a stone staircase leading down here.
You climb downwards.
There is a stone staircase leading up here.
An endoplasm comes into view.
An endoplasm is nearby!
An endoplasm is nearby!
An endoplasm is nearby!
The blast of sand hits the endoplasm.
You kill the endoplasm!
You have reached level 3!
Your experience leads to an increase in your attributes!
Increase (S)trength, (I)ntelligence, or (D)exterity?
You feel clever. x2; Your demonic ancestry asserts itself...
Your foul stench grows more powerful.
There is a stone staircase leading up here.
You climb upwards.
There is a stone staircase leading down here.
Magic restored.
You open the door.
There is an open door here.
There is a staircase leading out of the dungeon here.
You have escaped!

##..........##..........#
##.####.##.##...........#
........................#########
##.###..#####.#######............
#.# #.## #.# #...########. #)#
#.# #.# #...# #. #.# #.# #.#
#...# #. #.# #.# #.#######...# #.
#.# #.# #.##@#......## ## #.# #.#
#.##.####....#
#.###.######.##.####..#.#
#....#........#.#.......#
#####.#####.###.#.####.## #.#
#.##..#.# #.#
#.#######...#.####.#
#>...[##....'....#.#
#.#####..#..#.##.#.#


There were no monsters in sight!

Vanquished Creatures
  2 dart slugs (D:1)
  2 ball pythons (D:1)
  4 endoplasms
  2 goblins (D:1)
  4 hobgoblins (D:1)
  2 quokkas (D:1)
  2 bats (D:1)
  A frilled lizard (D:1)
  A kobold (D:1)
20 creatures vanquished.

Notes
Turn   | Place    | Note
-------+----------+-------------------------------------------
     0 | D:1      | Essalna the Demonspawn Earth Elementalist began the quest
                  | for the Orb.
     0 | D:1      | Reached XP level 1. HP: 13/13 MP: 3/3
   206 | D:1      | Reached skill level 3 in Earth Magic
   207 | D:1      | Gained mutation: You may rarely emit foul miasma when
                  | damaged in melee. [demonic ancestry]
   207 | D:1      | Reached XP level 2. HP: 18/19 MP: 0/5
   789 | D:2      | Gained mutation: You sometimes emit foul miasma when
                  | damaged in melee. [demonic ancestry]
   789 | D:2      | Reached XP level 3. HP: 24/24 MP: 5/7
   847 | D:$      | Got out of the dungeon alive.

Illustrated notes

Levels and vault maps discovered:
D:1:      amcnicky_arrival_feature_with_door, layout_loops_ring
D:2:      layout_basic, serial_bayou, serial_bayou_pond_b,
          serial_bayou_lagoon_a, serial_bayou_shore_a, serial_bayou_pond_b

Skill      XL: |  1 |
---------------+----+-----
Earth Magic    | 3 |  3.3
Dodging        | |  1.7
Stealth        | |  1.7
Spellcasting   | |  2.7
Transmutations | |  0.8

Action                     || total
---------------------------++-------
  Melee: Unarmed           ||     8
   Cast: Sandblast         ||    30
 Armour: Robe              ||    10
  Dodge: Dodged            ||    18

Table legend: (Time is in decaauts)
 A = Elapsed time spent in this place.
 B = Non-inter-level travel time spent in this place.
 C = Inter-level travel time spent in this place.
 D = Time resting spent in this place.
 E = Time spent auto-exploring this place.
 F = Levels seen in this place.
 G = Mean time per level.
                   A        B        C        D        E       F      G
               +--------+--------+--------+--------+--------+-----+--------+
         Total |    862 |    780 |     82 |      0 |    664 |   2 |  431.0 |
       Dungeon |    862 |    780 |     82 |      0 |    664 |   2 |  431.0 |
               +--------+--------+--------+--------+--------+-----+--------+

Top non-repeatable levels by time:
     D:1: 855 daAuts
     D:2: 7 daAuts
